 Dungeon Crawl Stone Soup version 0.26.1-2-gb8aa6d0 (webtiles) character file.

Game seed: 11440668881732987111

477 Nithhogg the Sneak (level 7, -15/49 HPs)
             Began as an Octopode Monk on Mar 30, 2021.
             Was a Believer of Cheibriados.
             Demolished by an orc warrior
             ... wielding a +0 flail
              (24 damage)
             ... on level 5 of the Dungeon.
             The game lasted 00:06:50 (4197 turns).

Nithhogg the Sneak (Octopode Monk)                  Turns: 4197, Time: 00:06:51

Health: -15/49     AC:  1    Str: 15    XL:     7   Next: 11%
Magic:  5/7        EV: 16    Int: 16    God:    Cheibriados [**....]
Gold:   230        SH:  0    Dex: 20    Spells: 6/6 levels left

rFire    . . .     SeeInvis .     - Unarmed
rCold    . . .     Faith    .   (no shield)
rNeg     . . .     Spirit   .   (helmet restricted)
rPois    .         Reflect  .   (no amulet)
rElec    .         Harm     .   (no ring)
rCorr    .         Rampage  .   (no ring)
Will     .....                  (no ring)
Stlth    ++++......             (no ring)
HPRegen  0.16/turn              (no ring)
MPRegen  0.10/turn              (no ring)
                                (no ring)
                                (no ring)

@: attractive, flying, very slow
A: almost no armour, stealthy swim, amphibious, 8 rings, constrict 8, camouflage
1, gelatinous body 1
a: Renounce Religion, Bend Time


You were on level 5 of the Dungeon.
You worshipped Cheibriados.
Cheibriados was pleased with you.
You visited 2 branches of the dungeon, and saw 6 of its levels.

You collected 230 gold pieces.

Inventory:

Wands
 h - a wand of flame (15)
 i - a wand of acid (6)
Scrolls
 a - 3 scrolls of teleportation
 b - a scroll of enchant armour
 c - a scroll of magic mapping
 e - 6 scrolls of identify
 j - 3 scrolls of remove curse
Potions
 g - a potion of curing


   Skills:
 + Level 4.6 Fighting
 + Level 4.6 Dodging
 + Level 5.7 Stealth
 + Level 4.6 Unarmed Combat


You had 6 spell levels left.
You didn't know any spells.
Your spell library was empty.

Dungeon Overview and Level Annotations

Branches:
Dungeon (5/15)             Temple (1/1) D:4

Altars:
Ashenzari
Cheibriados
Dithmenos
Elyvilon
Fedhas
Gozag
Kikubaaqudgha
Nemelex Xobeh
Okawaru
Qazlal
Sif Muna
Trog
Uskayaw
Vehumet
Wu Jian
Yredelemnul
The Shining One


Innate Abilities, Weirdness & Mutations

You cannot wear most types of armour.
You are very stealthy in the water. (Stealth+)
You are amphibious.
You can wear up to eight rings at the same time.
You can use your tentacles to constrict eight enemies at once.
Your skin changes colour to match your surroundings (Stealth+).
Your rubbery body absorbs attacks. (AC +1, EV +1)


Message History

You feel much better.
You constrict the orc warrior.
An orc comes into view. It is wielding a +0 short sword.
The gnoll hits you from afar with a +0 spear.
* * * LOW HITPOINT WARNING * * *
The orc is pulled toward you!
The orc shouts!
You tentacle-slap the orc warrior.
The orc warrior is moderately wounded.
You constrict the orc warrior.
The orc warrior hits you with a +0 flail.
* * * LOW HITPOINT WARNING * * *
The gnoll closely misses you.
You release your grip on the orc warrior.
The orc warrior closely misses you. The gnoll is pulled toward you!
The orc is pulled toward you! The orc warrior misses you.
The gnoll closely misses you.
A gnoll comes into view.
The gnoll barely misses you.
The orc warrior hits you with a +0 flail!!
You die...

#..# ##g#
#.# #o#
#o## #.g#
##g## ##
#.o#
#≈≈≈##@##
#...(#
≈....##.#
##### #.#
.#. #.#
#.#. #.##
... #..#
..#
##.##..#
#..#..#


You could see an orc warrior, 3 gnolls and 2 orcs.

Vanquished Creatures
  An ogre (D:4)
  A centaur (D:4)
  A gnoll sergeant (D:5)
  A centaur skeleton (D:5)
  2 worker ants
  Robin (D:2)
  A gnoll (D:5)
  3 adders
  An ooze (D:3)
  4 worms
  2 dart slugs
  2 leopard geckos
  8 orcs
  7 giant cockroaches
  17 goblins
  12 hobgoblins
  4 jackals (D:3)
  A ball python (D:2)
  7 bats
  7 frilled lizards
  9 kobolds
  7 rats
99 creatures vanquished.

Notes
Turn   | Place    | Note
-------+----------+-------------------------------------------
     0 | D:1      | Nithhogg the Octopode Monk began the quest for the Orb.
     0 | D:1      | Reached XP level 1. HP: 16/16 MP: 1/1
   328 | D:1      | Reached XP level 2. HP: 21/21 MP: 2/2
   329 | D:1      | Reached skill level 3 in Stealth
   811 | D:2      | Reached XP level 3. HP: 17/26 MP: 3/3
  1113 | D:2      | Reached XP level 4. HP: 26/31 MP: 4/4
  1462 | D:2      | Noticed Robin
  1469 | D:2      | Killed Robin
  1576 | D:2      | Found a shimmering blue altar of Sif Muna.
  1859 | D:3      | Reached skill level 4 in Stealth
  1968 | D:3      | Reached XP level 5. HP: 34/37 MP: 5/5
  2855 | D:4      | Found a staircase to the Ecumenical Temple.
  2871 | Temple   | Entered the Ecumenical Temple
  3202 | Temple   | Became a worshipper of Cheibriados the Contemplative
  3202 | Temple   | Reached * piety under Cheibriados
  3202 | Temple   | Reached ** piety under Cheibriados
  3338 | D:4      | Noticed an ogre
  3355 | D:4      | Noticed a centaur
  3380 | D:4      | Killed an ogre
  3381 | D:4      | Reached skill level 5 in Stealth
  3381 | D:4      | Reached XP level 6. HP: 17/43 MP: 6/6
  3389 | D:4      | HP: 2/43 [centaur (6)]
  4047 | D:5      | Entered Level 5 of the Dungeon
  4182 | D:5      | Noticed an orc warrior
  4186 | D:5      | Reached XP level 7. HP: 14/49 MP: 3/7
  4197 | D:5      | Demolished by an orc warrior

Illustrated notes

Levels and vault maps discovered:
D:1:      ncdulo_smallfort, layout_basic
D:2:      layout_rooms, lemuel_blue_sif_altar, uniq_robin
D:3:      kennysheep_big_flooded_room, layout_basic
D:4:      layout_loops_cross, minmay_temple_entry_waves, minmay_bisected
D:5:      layout_basic, nicolae_ru_awakened_eye, basic_altar, serial_rivers,
          chequers_serial_rivers_micro_e, chequers_serial_rivers_small_a,
          chequers_serial_rivers_micro_e, chequers_serial_rivers_micro_a,
          chequers_serial_rivers_micro_b
Temple:   nicolae_temple_elliptical

Skill      XL: |  1  2  3  4  5 |
---------------+----------------+-----
Stealth        | 3 4 5 |  5.7
Fighting       | 4 |  4.6
Dodging        | 4 |  4.6
Unarmed Combat | 4 |  4.6

Action                   |  1- 3 |  4- 6 |  7- 9 || total
-------------------------+-------+-------+-------++-------
Melee: Unarmed           |    77 |   138 |     5 ||   220
       Constrict         |    24 |    35 |     1 ||    60
       Tentacles         |    10 |    47 |     2 ||    59
       Punch             |     1 |     2 |       ||     3
Invok: Bend Time         |       |     1 |       ||     1
  Use: Potion            |     1 |     6 |     1 ||     8
       Scroll            |       |     4 |       ||     4
 Stab: Sleeping          |    13 |     9 |       ||    22
Armor: Skin              |     2 |     5 |       ||     7
Dodge: Dodged            |    41 |   117 |    10 ||   168
